 Dungeon Crawl Stone Soup version 0.31-a0-851-g7ff8af7976 (webtiles) character file.

Game seed: 11057757879759847442

2301 serber55 the Covert (level 9, -9/93 HPs)
             Began as an Octopode Brigand on Oct 6, 2023.
             Was a Believer of Ru.
             Mangled by a boulder beetle (17 damage)
             ... on level 7 of the Dungeon.
             The game lasted 00:33:51 (6818 turns).

serber55 the Covert (Octopode Brigand)              Turns: 6818, Time: 00:33:52

Health: -9/93      AC: 24    Str: 12    XL:     9   Next: 40%
Magic:  9/9        EV:  2    Int: 14    God:    Ru [**....]
Gold:   350        SH:  0    Dex: 15    Spells: 8/8 levels left

rFire   . . .        l - +5 rapier (speed)
rCold   . . .        (no shield)
rNeg    + . .        (helmet currently unavailable)
rPois   +            (no amulet)
rElec   +            i - ring of poison resistance
rCorr   +            j - +5 ring of evasion
SInv    .            B - ring of positive energy
Will    .....        (no ring)
Stlth   ++           (no ring)
HPRegen 0.35/turn    (no ring)
MPRegen 0.11/turn    (no ring)
                     (no ring)

%: no passive effects
@: confused, mighty, tree-form, resistant, ambrosia-drunk
A: stationary, stasis, torment immunity, boosted hp, almost no armour,
(amphibious), 8 rings, (camouflage 1), (gelatinous body 1), temperature
sensitive, (nimble swimmer 1), (tentacles)
a: Renounce Religion


You were on level 7 of the Dungeon.
You worshipped Ru.
Ru was pleased with you.
You were a tree.
You visited 2 branches of the dungeon, and saw 8 of its levels.
You also visited: Sewer.

You collected 350 gold pieces.

Inventory:

Hand Weapons
 a - a +2 dagger of freezing
 l - a +5 rapier of speed (weapon)
 t - a +1 short sword of protection
Missiles
 b - 28 poisoned darts
 u - 5 atropa-tipped darts (quivered)
 x - a throwing net
Jewellery
 g - a ring of flight
 i - a ring of poison resistance (left branch)
 j - a +5 ring of evasion (right branch)
 B - a ring of positive energy (on tentacle)
Wands
 y - a wand of paralysis (11)
 C - a wand of iceblast (3)
Scrolls
 n - 2 scrolls of immolation
 q - 6 scrolls of teleportation
 D - a scroll of fog
Potions
 e - a potion of resistance
 f - a potion of haste
 k - 2 potions of attraction
 o - 2 potions of cancellation {unknown}
 p - a potion of invisibility {unknown}
 r - a potion of lignification
 s - 3 potions of enlightenment {unknown}
 v - a potion of berserk rage {unknown}
 w - a potion of brilliance {unknown}
 A - 2 potions of mutation {unknown}
 E - a potion of magic {unknown}


   Skills:
 + Level 5.7 Fighting
 * Level 8.0 Short Blades
 + Level 5.7 Throwing
 - Level 1.5 Dodging
 + Level 9.4 Stealth


You had 8 spell levels left.
You didn't know any spells.
Your spell library contained the following spells:

 Spells                   Type           Power      Damage    Failure   Level
 Freeze                   Ice            0%         1d3       28%         1
 Cigotuvi's Dreadful Rot  Necr/Pois/Air  0%         N/A       41%         2
 Frozen Ramparts          Ice            0%         1d1       65%         3
 Hailstorm                Conj/Ice       0%         3d3       65%         3
 Ignite Poison            Fire/Tmut/Pois 0%         N/A       65%         3
 Freezing Cloud           Conj/Ice/Air   0%         6-21      100%        5


Dungeon Overview and Level Annotations

Branches:
Dungeon (7/15)             Temple (1/1) D:5           Sewer (visited)

Altars:
Ashenzari
Cheibriados
Elyvilon
Gozag
Hepliaklqana
Kikubaaqudgha
Makhleb
Nemelex Xobeh
Okawaru
Qazlal
Ru
Sif Muna
Uskayaw
Vehumet
Wu Jian
Xom
Yredelemnul
Zin
The Shining One

Shops:
D:1 *


Innate Abilities, Weirdness & Mutations

You are a tree.
Your roots penetrate the ground, keeping you stationary.
You cannot be teleported.
You are immune to unholy pain and torment.
Your maximum health is greatly increased.
You cannot wear most types of armour.
((You are amphibious.))
You can wear up to eight rings at the same time.
((Your skin changes colour to match your surroundings (Stealth+).))
((Your rubbery body absorbs attacks. (AC +1, EV +1)))
You are sensitive to extremes of temperature. (rF-, rC-)
((You are camouflaged when in or above water. (Stealth+)))
((You have tentacles for arms and can constrict up to eight enemies at once.))


Message History

The boulder beetle bites you!
You are too injured to fight recklessly!
You are too injured to fight recklessly!
Okay, then.
You hit the boulder beetle but do no damage.
The boulder beetle is moderately wounded.
You puncture the boulder beetle!
The boulder beetle is heavily wounded.
The boulder beetle bites you but does no damage.
You hit the boulder beetle but do no damage.
The boulder beetle is heavily wounded.
You hit the boulder beetle but do no damage.
The boulder beetle is heavily wounded.
The boulder beetle bites you.
You hit the boulder beetle but do no damage.
The boulder beetle is heavily wounded.
The troll bites you! The troll claws you!
* * * LOW HITPOINT WARNING * * *
The troll claws you but does no damage.
You feel protected.
The boulder beetle bites you but does no damage.
The troll bites you but does no damage. The troll claws you!
* * * LOW HITPOINT WARNING * * *
You focus your inner power and illuminate the troll in retribution!
The troll claws you but does no damage.
Unknown command.
You are confused.
You feel invigorated.
The boulder beetle bites you but does no damage.
The troll bites you.
* * * LOW HITPOINT WARNING * * *
The troll claws you but does no damage. The troll claws you.
* * * LOW HITPOINT WARNING * * *
You closely miss the troll. The boulder beetle bites you.
* * * LOW HITPOINT WARNING * * *
You swing at nothing.
The troll bites you!
* * * LOW HITPOINT WARNING * * *
The troll claws you but does no damage. x2
You swing at nothing.
The boulder beetle bites you!
You die...

.. #. ..
#..### #.
#(..### #.#
#((...###..#
#...#.T.#.#
#..######♣..#
#. ###B.##
#.....#
####..##
##..# #..##
##.(# ##(##
#..#


You could see a boulder beetle and a troll (corona).

Vanquished Creatures
  The ghost of LeprechaunX the Changeling, a novice OpSh of Ru (D:4)
  A wraith (D:7)
  A vampire (D:7)
  A black bear (D:5)
  A centaur (D:5)
  A phantom (D:4)
  3 kobold brigands
  Blork the orc (D:5)
  A bullfrog (D:7)
  3 scorpions
  2 bullfrog zombies (D:4)
  A centaur zombie (D:4)
  2 hounds (D:4)
  2 gnoll boudas (D:6)
  3 orc priests
  3 jellies
  3 sleepcaps
  4 orc wizards (D:6)
  13 gnolls
  12 adders
  2 river rats (Sewer)
  3 worms
  2 dart slugs
  21 orcs
  10 endoplasms
  5 giant cockroaches
  7 goblins
  9 jackals
  9 quokkas
  10 ball pythons
  5 bats
  3 frilled lizards
  18 kobolds
  5 rats
168 creatures vanquished.

Notes
Turn   | Place    | Note
-------+----------+-------------------------------------------
     0 | D:1      | serber55 the Octopode Brigand began the quest for the Orb.
     0 | D:1      | Reached XP level 1. HP: 14/14 MP: 1/1
   335 | D:1      | Reached XP level 2. HP: 19/19 MP: 2/2
   770 | D:1      | Found Fucait's General Store.
   818 | D:1      | Reached XP level 3. HP: 24/24 MP: 3/3
  1756 | D:3      | Reached XP level 4. HP: 30/30 MP: 4/4
  1756 | D:3      | Found a glowing drain.
  1793 | Sewer    | Entered a sewer
  1824 | Sewer    | Reached skill level 6 in Stealth
  1848 | Sewer    | Noticed a kobold brigand
  1848 | Sewer    | Noticed a kobold brigand
  1861 | Sewer    | Killed a kobold brigand
  1862 | Sewer    | Reached XP level 5. HP: 20/36 MP: 5/5
  1933 | Sewer    | Killed a kobold brigand
  1934 | Sewer    | Reached XP level 6. HP: 25/42 MP: 6/6
  3071 | D:4      | Identified a scroll of acquirement
  3071 | D:4      | Acquired a +5 rapier of speed
  3213 | D:4      | Reached XP level 7. HP: 46/46 MP: 7/7
  3216 | D:4      | Reached skill level 7 in Stealth
  3282 | D:4      | Reached skill level 5 in Short Blades
  3490 | D:4      | Found a runed translucent gate.
  3490 | D:4      | Found a runed translucent gate.
  3490 | D:4      | Found a runed translucent gate.
  3495 | D:4      | Noticed LeprechaunX's ghost (novice OpSh)
  4014 | D:4      | Killed LeprechaunX's ghost
  4015 | D:4      | Reached XP level 8. HP: 53/54 MP: 8/8
  4075 | D:5      | Entered Level 5 of the Dungeon
  4123 | D:5      | Reached skill level 8 in Stealth
  4143 | D:5      | Noticed Blork the orc
  4315 | D:5      | Killed Blork the orc
  4485 | D:5      | Found a white marble altar of Elyvilon.
  4568 | D:5      | Found a staircase to the Ecumenical Temple.
  4577 | Temple   | Entered the Ecumenical Temple
  4677 | Temple   | Became a worshipper of Ru the Awakened
  4700 | D:5      | Found a broken altar of Ashenzari.
  4858 | D:5      | Found a shimmering altar of Xom.
  5352 | D:6      | Reached skill level 5 in Fighting
  5358 | D:6      | Reached skill level 5 in Throwing
  5614 | D:6      | Reached XP level 9. HP: 61/61 MP: 9/9
  5892 | D:5      | Gained mutation: You are sensitive to extremes of
                  | temperature. (rF-, rC-) [Ru sacrifice]
  5892 | D:5      | Reached * piety under Ru
  5892 | D:5      | Reached ** piety under Ru
  5903 | D:6      | Reached skill level 9 in Stealth
  6372 | D:6      | Found a hide-covered altar of Uskayaw.
  6378 | D:6      | Found a glowing golden altar of the Shining One.
  6383 | D:6      | Found a sparkling altar of Nemelex Xobeh.
  6783 | D:7      | Noticed a boulder beetle
  6805 | D:7      | Noticed a troll
  6818 | D:7      | Mangled by a boulder beetle

Illustrated notes

Levels and vault maps discovered:
D:1:      minmay_arrival_wavy_path, layout_basic, serial_shops, shop,
          chequers_garden, nicolae_figureground_sparkle
D:2:      layout_basic
D:3:      layout_basic, portal_sewer_entry_f
D:4:      layout_loops_ring, gammafunk_ghost_necromancy
D:5:      layout_cave_pods, lemuel_coloured_pillars_altar,
          mainiacjoe_overflow_small_starburst, elyvilon_altar_4,
          minmay_temple_entry_statues_fountains, dreamdust_mushroom_princess,
          uniq_blork_the_orc
D:6:      layout_cave_pools, minmay_overflow_temple_star_quad,
          serial_column_ruins, column_ruins_circle_large,
          column_ruins_open_small, column_ruins_grid_1, column_ruins_open_small,
          column_ruins_grid_1, column_ruins_columns_straight,
          column_ruins_open_small
D:7:      minmay_blocky_corners, layout_cave_pods, uniq_maggie
Temple:   hellmonk_temple_forest_ring

Skill      XL: |  1  2  3  4  5  6  7  8  9 |
---------------+----------------------------+-----
Short Blades   | 3 4 6 7 8 |  8.0
Stealth        | 6 7 8 9 |  9.4
Fighting       | 3 4 5 |  5.7
Throwing       | 3 4 5 |  5.7
Dodging        | |  1.5

Action                     |  1- 3 |  4- 6 |  7- 9 || total
---------------------------+-------+-------+-------++-------
  Melee: Dagger            |    64 |    88 |       ||   152
         Constrict         |    17 |    22 |    46 ||    85
         Tentacles         |    10 |    22 |    52 ||    84
         Rapier            |       |    19 |   248 ||   267
         Punch             |       |     1 |     4 ||     5
  Throw: Dart              |     6 |     8 |    32 ||    46
         Javelin           |       |       |     3 ||     3
 Invoke: Sacrifice Resista |       |       |     1 ||     1
  Evoke: Wand              |       |       |     2 ||     2
    Use: Scroll            |     3 |     4 |     4 ||    11
         Potion            |       |       |    10 ||    10
   Stab: Sleeping          |    11 |    18 |     6 ||    35
         Distracted        |       |       |     2 ||     2
 Armour: Skin              |    17 |    16 |   107 ||   140
  Dodge: Dodged            |    43 |    57 |   144 ||   244

Table legend: (Time is in decaauts)
 A = Elapsed time spent in this place.
 B = Non-inter-level travel time spent in this place.
 C = Inter-level travel time spent in this place.
 D = Time resting spent in this place.
 E = Time spent auto-exploring this place.
 F = Levels seen in this place.
 G = Mean time per level.
                   A        B        C        D        E       F      G
               +--------+--------+--------+--------+--------+-----+--------+
         Total |   6639 |   6333 |    306 |   1007 |   3904 |   9 |  737.7 |
       Dungeon |   6119 |   5845 |    274 |    891 |   3770 |   7 |  874.1 |
        Temple |    112 |     80 |     32 |      0 |      0 |   1 |  112.0 |
         Sewer |    406 |    406 |      0 |    116 |    134 |   1 |  406.0 |
               +--------+--------+--------+--------+--------+-----+--------+

Top non-repeatable levels by time:
     D:5: 1186 daAuts
     D:4: 1165 daAuts
     D:1: 1030 daAuts
     D:6: 930 daAuts
     D:3: 860 daAuts
     D:2: 703 daAuts
   Sewer: 406 daAuts
     D:7: 243 daAuts
  Temple: 112 daAuts
